 Dungeon Crawl Stone Soup version 0.23-a0-635-g88ca12a (webtiles) character file.

175 Firecrotchwizard the Chopper (level 5, -1/47 HPs)
             Began as a Hill Orc Monk on Dec 28, 2018.
             Killed by divine providence
             ... invoked by an orc priest
              (12 damage)
             ... on level 4 of the Dungeon.
             The game lasted 00:05:40 (3379 turns).

Firecrotchwizard the Chopper (Hill Orc Monk)        Turns: 3379, Time: 00:05:41

Health: -1/47      AC:  3    Str: 15    XL:     5   Next: 55%
Magic:  0/5        EV: 13    Int:  7    God:
Gold:   195        SH:  0    Dex: 13    Spells: 4/4 levels left

rFire    . . .     SeeInvis .   a - +1 hand axe
rCold    . . .     Gourm    .   (no shield)
rNeg     . . .     Faith    .   m - +0 leather armour
rPois    .         Spirit   +   (no helmet)
rElec    .         Reflect  .   (no cloak)
rCorr    .         Harm     .   (no gloves)
MR       .....     Rnd*Tele +   (no boots)
Stlth    ++........             j - amulet of guardian spirit {Spirit}
HPRegen  0.15/turn              f - ring of teleportation (curse) {+/*tele, !d}
MPRegen  0.09/turn              n - -3 ring of intelligence (curse)

@: no status effects
A: no striking features
a: Convert to Beogh


You were on level 4 of the Dungeon.
You were not hungry.

You visited 1 branch of the dungeon, and saw 4 of its levels.

You collected 195 gold pieces.

Inventory:

Hand Weapons
 a - a +1 hand axe (weapon)
Armour
 b - a +0 robe
 d - a +0 helmet
   (You took it off Robin on level 4 of the Dungeon)
 m - a +0 leather armour (worn)
   (You found it on level 2 of the Dungeon)
Jewellery
 f - a cursed ring of teleportation (left hand) {+/*tele, !d}
   (You found it on level 1 of the Dungeon)
 j - an amulet of guardian spirit (around neck) {Spirit}
   (You found it on level 2 of the Dungeon)
 n - a cursed -3 ring of intelligence (right hand)
   (You found it on level 2 of the Dungeon)
 o - an uncursed ring of see invisible {unknown}
   (You found it on level 3 of the Dungeon)
Scrolls
 e - 4 scrolls of identify
 p - 2 scrolls of enchant weapon
Potions
 g - 2 potions of magic
 h - a potion of agility {unknown}
 i - 2 potions of haste {unknown}
 k - 2 potions of curing {unknown}
 l - a potion of mutation {unknown}
 r - a potion of flight {unknown}
 s - a potion of lignification {unknown}
Comestibles
 c - 6 rations
 q - 6 chunks of flesh {@w0}


   Skills:
 + Level 4.8 Fighting
 * Level 6.3 Axes
 + Level 3.2 Dodging
 - Level 1.5 Stealth


You had 4 spell levels left.
You didn't know any spells.
Your spell library was empty.

Dungeon Overview and Level Annotations

Branches:
Dungeon (4/15)
 Temple: D:4-7

Altars:
Ru


Message History

You closely miss Robin.
You feel sick. Robin misses you.
You take 1 damage, and have 35/47 hp.
You hit Robin. You hit the hobgoblin.
You kill the hobgoblin!
You feel sick.
You take 1 damage, and have 34/47 hp.
You barely miss Robin. Robin throws the goblin at you!
You hit Robin.
You kill Robin!
You barely miss the goblin. The goblin misses you.
You slash the goblin!
You kill the goblin!
You feel sick.
You take 1 damage, and have 33/47 hp.
No target in view!
d - a +0 helmet
Items here: )))) [ ††† You feel sick.
You take 1 damage, and have 32/47 hp.
You butcher the hobgoblin corpse.
q - a chunk of flesh {@w0}
Items here: )))) [ ÷ †† You feel sick.
You take 1 damage, and have 31/47 hp.
You butcher the goblin corpse.
q - 3 chunks of flesh {@w0} (gained 2)
Items here: )))) [ ÷÷ † MP restored: 5
Okay, then.
r - a cyan potion
Items here: )) ††† a +0 dagger x2; a goblin corpse x3
You feel sick.
You take 1 damage, and have 31/47 hp.
Things that are here:
a +1 dagger of venom; a goblin corpse
Items here: )) ††† a +0 dagger x2; a goblin corpse x3
Items here: )))) [ ÷÷ † You butcher the goblin corpse.
You feel sick.
q - 5 chunks of flesh {@w0} (gained 2)
Items here: )))) [ ÷÷÷ You take 1 damage, and have 31/47 hp.
s - a smoky pink potion
Things that are here:
a +0 dagger; a goblin corpse You butcher the goblin corpse.
You feel sick.
q - 7 chunks of flesh {@w0} (gained 2)
Things that are here:
a +0 dagger; a goblin skeleton You take 1 damage, and have 30/47 hp.
You start resting.
You feel sick.
You are no longer poisoned.
You start resting.
Eating one of 7 chunks of flesh {@w0}.
You eat one of the 7 chunks of flesh {@w0}.
You feel strangely unstable.
You are suddenly yanked towards a nearby monster!
Your surroundings suddenly seem different.
You regained 12 hp, and now have 42/47 hp.
An orc priest is nearby!
The orc priest shouts!
You see here a bubbling amethyst potion.
The orc priest begins to cast a cantrip, but forgets the words!
The orc shouts!
The orc priest hits you with a +0 club.
The orc wizard casts a spell.
The orc wizard blinks!
The orc hits you with a +0 whip.
You take 4 damage, and have 38/47 hp.
You now have 4/5 mp.
You barely miss the orc priest. You hit the orc but do no damage.
The orc priest barely misses you. The orc hits you with a +0 whip.
You take 2 damage, and have 36/47 hp.
You barely miss the orc priest. You hit the orc but do no damage.
The orc priest invokes the aid of Beogh against you.
Beogh smites you! The orc misses you.
You take 14 damage, and have 22/47 hp.
MASSIVE DAMAGE!!
You now have 3/5 mp.
You closely miss the orc priest. You hit the orc but do no damage.
The orc priest threatens, "By the altar or by the axe, you will meet Beogh!"
The orc priest hits you with a +0 club. The orc misses you.
You now have 2/5 mp.
You hit the orc priest but do no damage.
You closely miss the orc. The orc priest barely misses you.
The orc barely misses you.
You closely miss the orc priest. You closely miss the orc.
The orc priest invokes the aid of Beogh against you.
Beogh smites you!
* * * LOW HITPOINT WARNING * * *
The orc closely misses you.
You take 11 damage, and have 11/47 hp.
MASSIVE DAMAGE!!
You now have 1/5 mp.
You hit the orc priest.
The orc priest shouts, "Surrender to Beogh and we'll let you live!"
You closely miss the orc.
The orc priest invokes the aid of Beogh against you.
Beogh smites you!
You die...

#...# +##...# #+##
#....^. .....##?..##
....... ..........
....... #........#####
#.....#
#........##...##.....#
#...# ...##...........
##...##...##...........
#...!.@o..# #<.....
#......o.o# #......
#.........'... #.....#
#.........#... #o....#
#.........# #+ #%.....
##....##### #......
#....# #o....# .$....
#...o§# +......


You could see an orc priest, an orc wizard and an orc.

Vanquished Creatures
  Robin (D:4)
  5 adders
  2 oozes (D:1)
  An adder skeleton (D:3)
  2 worms (D:2)
  4 dart slugs
  2 leopard geckos
  3 orcs
  7 bats
  10 giant cockroaches
  18 goblins
  8 hobgoblins
  2 jackals (D:2)
  2 quokkas
  A ball python (D:2)
  4 frilled lizards
  3 kobolds
  13 rats
88 creatures vanquished.

Notes
Turn   | Place    | Note
-------+----------+-------------------------------------------
     0 | D:1      | Firecrotchwizard the Hill Orc Monk began the quest for the
                  | Orb.
     0 | D:1      | Reached XP level 1. HP: 19/19 MP: 1/1
    27 | D:1      | Reached XP level 2. HP: 26/27 MP: 2/2
   166 | D:1      | Reached skill level 4 in Fighting
   298 | D:1      | Reached XP level 3. HP: 33/33 MP: 3/3
   476 | D:1      | Reached skill level 5 in Axes
   911 | D:2      | Found a faded altar of an unknown god.
  1294 | D:2      | Reached XP level 4. HP: 37/41 MP: 4/4
  1618 | D:2      | Found a sacrificial altar of Ru.
  2064 | D:3      | Reached skill level 3 in Dodging
  2296 | D:3      | Reached skill level 6 in Axes
  2296 | D:3      | Reached XP level 5. HP: 35/47 MP: 2/5
  3254 | D:4      | Noticed Robin
  3269 | D:4      | Killed Robin
  3378 | D:4      | HP: 11/47 [orc priest/divine providence (11)]
  3379 | D:4      | Killed from afar by an orc priest

Vault maps used:
D:1:      dpeg_arrival_refuge, st_stairs_2
D:2:      chequers_ecumenical_altar_simple, nicolae_ru_path_of_blood
D:4:      minmay_temple_entry_hall, uniq_robin

Skill      XL: |  1  2  3  4 |
---------------+-------------+-----
Fighting       | 4 |  4.8
Axes           | 5 6 |  6.3
Dodging        | 3 |  3.2
Stealth        | |  1.5

Action                   |  1- 3 |  4- 6 || total
-------------------------+-------+-------++-------
Melee: Hand axe          |   132 |   143 ||   275
  Use: Scroll            |     2 |     2 ||     4
 Stab: Sleeping          |     5 |     2 ||     7
  Eat: Chunk             |     1 |     4 ||     5
       Ration            |       |     1 ||     1
Armor: Robe              |    16 |     1 ||    17
       Leather armour    |       |    23 ||    23
Dodge: Dodged            |    89 |    89 ||   178

Table legend:
 A = Non-vault XP
 B = Vault XP
 C = Vault XP percentage of total XP
 D = Non-vault monster count
 E = Vault monster count
 F = Vault count percentage of total count
                 A         B        C        D         E       F
            +---------+---------+-------+---------+---------+-------
      Total |     215 |      36 |  14.3 |      75 |      13 |  14.8
            +---------+---------+-------+---------+---------+-------
        D:1 |      54 |       2 |   3.6 |      24 |       1 |   4.0
        D:2 |      71 |       0 |   0.0 |      25 |       0 |   0.0
        D:3 |      85 |       0 |   0.0 |      24 |       0 |   0.0
        D:4 |       5 |      34 |  87.2 |       2 |      12 |  85.7
            +---------+---------+-------+---------+---------+-------

Vault maps used:
D:1:      dpeg_arrival_refuge, st_stairs_2
D:2:      chequers_ecumenical_altar_simple, nicolae_ru_path_of_blood
D:4:      minmay_temple_entry_hall, uniq_robin

Table legend:
 A = Turns spent in this place as a percentage of turns spent in the entire game.
 B = Non-inter-level travel turns spent in this place as a percentage of non-inter-level travel turns spent in the entire game.
 C = Inter-level travel turns spent in this place as a percentage of turns spent in this place.
 D = Turns resting spent in this place as a percentage of non-inter-level travel turns spent in this place.
 E = Turns spent auto-exploring this place as a percentage of non-inter-level travel turns spent in this place.
 F = Non-inter-level travel turns spent in this place divided by the number of levels of this place that you've seen.
                   A       B       C       D       E      F
               +-------+-------+-------+-------+-------+----------------------
         Total | 100.0 | 100.0 |   5.0 |  26.1 |  56.3 | 802.8
       Dungeon | 100.0 | 100.0 |   5.0 |  26.1 |  56.3 | 802.8
               +-------+-------+-------+-------+-------+----------------------

Table legend:
 A = Kills in this place as a percentage of kills in entire the game.
 B = Kills by you in this place as a percentage of kills by you in the entire game.
 C = Kills by friends in this place as a percentage of kills by friends in the entire game.
 D = Other kills in this place as a percentage of other kills in the entire game.
 E = Experience gained in this place as a percentage of experience gained in the entire game.
 F = Experience gained in this place divided by the number of levels of this place that you have seen.
                   A       B       C       D       E      F
               +-------+-------+-------+-------+-------+----------------------
         Total | 100.0 | 100.0 |   N/A |   N/A | 100.0 |  62.8
       Dungeon | 100.0 | 100.0 |   N/A |   N/A | 100.0 |  62.8
               +-------+-------+-------+-------+-------+----------------------
